cohdb
Replays
Latest Replays
All Replays
Popular Replays
Top Player Replays
Match Explorer
How It Works
Community
CoH3 Stats
Reddit
Sign in to upload your games and track your stats! →
Sign in with Steam
Match 43317205
Unlisted
Match 43317205
Overview
Messages
Build Orders
End
Scout Squad
Construct Barracks
Construct Barracks
1⁄4-ton 4x4 Truck
Selects Heavy Weapons
Riflemen Squad
Riflemen Squad
Engineer Squad
Construct Weapon Support Center
Selects Assault Carriers
Infantry Support Center
M3 Assault Carrier
M1919 Machine Gun Team
Selects Exchangeable Parts
Engineer Squad
Selects M2HB .50cal Heavy Machine Gun
M1 Mortar Team
Construct Medical Station
M3 Assault Carrier
Advanced Logistics
M3 Assault Carrier
M1918 Browning Automatic Rifles
Captain Retinue
Selects Rapid Reposition
Construct Tank Depot
Selects Bolstered Team Weapons
M1919 Machine Gun Team
Engineer Squad
M4A1 Sherman Medium Tank
M4A1 Sherman Medium Tank
M4A1 Sherman Medium Tank
woof_raff
AMSAY
0
0
Comments
sign in to comment!
No comments posted yet!